 Dungeon Crawl Stone Soup version 0.29-a0-845-g6161e89988 (webtiles) character file.

Game seed: 3772522021533408490

464 clackabat the Cudgeller (level 7, -2/41 HPs)
             Began as a Gargoyle Fighter on July 15, 2022.
             Was an Initiate of Okawaru.
             Slain by a killer bee (5 damage)
             ... on level 4 of the Dungeon.
             The game lasted 00:10:04 (4269 turns).

clackabat the Cudgeller (Gargoyle Fighter)          Turns: 4269, Time: 00:10:04

Health: -2/41      AC: 12    Str: 20    XL:     7   Next: 8%
Magic:  7/7        EV:  9    Int: 10    God:    Okawaru [......]
Gold:   247        SH:  6    Dex:  9    Spells: 6/6 levels left

rFire   . . .      SeeInvis .   a - +0 flail
rCold   . . .      Faith    .   p - +2 buckler
rNeg    + . .      Spirit   .   b - +0 scale mail
rPois   ∞          Reflect  .   (no helmet)
rElec   +          Harm     .   (no cloak)
rCorr   .          Rampage  .   (no gloves)
Will    .....                   m - +0 pair of boots
Stlth   ..........              (no amulet)
HPRegen 0.13/turn               (no ring)
MPRegen 0.10/turn               (no ring)

@: no status effects
A: sickness immunity, AC +4, negative energy resistance 1, electricity
resistance, torment resistance 1, petrification resistance
a: Renounce Religion


You were on level 4 of the Dungeon.
You worshipped Okawaru.
Okawaru was noncommittal.
You visited 2 branches of the dungeon, and saw 6 of its levels.

You collected 247 gold pieces.

Inventory:

Hand Weapons
 a - a +0 flail (weapon)
Armour
 b - a +0 scale mail (worn)
 m - a +0 pair of boots (worn)
 p - a +2 buckler (worn)
Wands
 e - a wand of mindburst (12)
Scrolls
 c - a scroll of teleportation
 i - a scroll of blinking
 k - 2 scrolls of noise {unknown}
 l - 3 scrolls of poison {unknown}
 q - a scroll of torment {unknown}
 t - a scroll of summoning {unknown}
Potions
 d - 2 potions of might
 f - a potion of attraction
 g - a potion of resistance
 h - a potion of cancellation
 j - 2 potions of magic
 o - a potion of ambrosia {unknown}
 r - a potion of lignification {unknown}
 s - a potion of mutation {unknown}


   Skills:
 - Level 3.2 Fighting
 * Level 7.3 Maces & Flails
 - Level 3.2 Armour
 - Level 1.0 Stealth
 - Level 3.2 Shields


You had 6 spell levels left.
You didn't know any spells.
Your spell library contained the following spells:

 Spells                   Type           Power      Damage    Failure   Level
 Ensorcelled Hibernation  Hex/Ice        0%         N/A       91%         2
 Ozocubu's Armour         Ice            0%         N/A       99%         3
 Spider Form              Tmut/Pois      0%         N/A       99%         3
 Anguish                  Hex/Necr       0%         N/A       100%        4
 Ozocubu's Refrigeration  Ice            0%         4d5       100%        7


Dungeon Overview and Level Annotations

Branches:
Dungeon (5/15)             Temple (1/1) D:4

Altars:
Ashenzari
Cheibriados
Elyvilon
Fedhas
Gozag
Hepliaklqana
Nemelex Xobeh
Okawaru
Ru
Sif Muna
Uskayaw
Vehumet
Xom
Zin
The Shining One


Innate Abilities, Weirdness & Mutations

You are immune to sickness and miasma.
Your stone body is resilient. (AC +4)
You are immune to poison.
You resist negative energy. (rN+)
You are resistant to electric shocks. (rElec)
You are resistant to unholy torment.
You are immune to petrification.


Message History

You block the killer bee's attack. The killer bee barely misses you.
You barely miss the killer bee.
The killer bee is heavily wounded.
The killer bee stings you. You block the killer bee's attack.
You miss the killer bee.
The killer bee is heavily wounded.
The killer bee closely misses you.
The killer bee stings you but does no damage.
You closely miss the killer bee.
The killer bee is heavily wounded.
The killer bee stings you!
* * * LOW HITPOINT WARNING * * *
The killer bee stings you.
* * * LOW HITPOINT WARNING * * *
You barely miss the killer bee.
The killer bee is heavily wounded.
You block the killer bee's attack. The killer bee stings you.
* * * LOW HITPOINT WARNING * * *
The killer bee barely misses you.
You barely miss the killer bee.
The killer bee is heavily wounded.
You block the killer bee's attack. The killer bee closely misses you.
You closely miss the killer bee.
The killer bee is moderately wounded.
The killer bee stings you.
* * * LOW HITPOINT WARNING * * *
The killer bee barely misses you.
You miss the killer bee.
The killer bee is moderately wounded.
You block the killer bee's attack.
The killer bee stings you but does no damage.
You thump the killer bee!
The killer bee is almost dead.
You block the killer bee's attack. The killer bee barely misses you.
The killer bee stings you but does no damage.
You miss the killer bee.
The killer bee is almost dead.
The killer bee stings you but does no damage.
The killer bee stings you.
You die...

########'###............#
#...... #.#
#............######### #.#
##[................#
###'####..#'##...........#
#.......#.#.##...........#
#.....#.#...##############
#.....#.##..#
#.....#.##..#########
#.....#....@y.......#
#.....#...†.........#
#.....#.............#
#.....#.............#
######.....#.............#
####
.........................#
#...
.#########################
#... .# #... .# #...


You could see a killer bee.

Vanquished Creatures
  2 necrophages (D:4)
  A scorpion (D:4)
  A killer bee (D:4)
  A howler monkey (D:4)
  A jelly (D:4)
  3 adders
  4 gnolls (D:2)
  3 worms
  2 dart slugs
  6 orcs
  6 ball pythons
  5 bats
  8 endoplasms
  4 giant cockroaches
  9 goblins
  9 hobgoblins
  2 jackals (D:3)
  8 kobolds
  5 quokkas
  4 frilled lizards
  3 rats
87 creatures vanquished.

Notes
Turn   | Place    | Note
-------+----------+-------------------------------------------
     0 | D:1      | clackabat the Gargoyle Fighter began the quest for the Orb.
     0 | D:1      | Reached XP level 1. HP: 14/14 MP: 1/1
    45 | D:1      | Upgraded the game from 0.29-a0-841-g116ddc6ace to
                  | 0.29-a0-845-g6161e89988
    96 | D:1      | Reached XP level 2. HP: 18/19 MP: 2/2
   304 | D:1      | Reached skill level 3 in Maces & Flails
   440 | D:1      | Reached XP level 3. HP: 18/23 MP: 3/3
  1110 | D:2      | Found a faded altar of an unknown god.
  1301 | D:2      | Reached skill level 4 in Maces & Flails
  1434 | D:2      | Reached XP level 4. HP: 24/28 MP: 4/4
  2419 | D:3      | Reached XP level 5. HP: 9/32 MP: 5/5
  2689 | D:3      | Reached skill level 5 in Maces & Flails
  2870 | D:3      | Found a white marble altar of Elyvilon.
  3248 | D:4      | Reached skill level 6 in Maces & Flails
  3248 | D:4      | Reached XP level 6. HP: 31/37 MP: 6/6
  3661 | D:4      | Found a staircase to the Ecumenical Temple.
  3667 | Temple   | Entered the Ecumenical Temple
  3740 | Temple   | Became a worshipper of Warmaster Okawaru
  3951 | D:4      | Reached skill level 7 in Maces & Flails
  3951 | D:4      | Reached skill level 1 in Stealth
  4242 | D:5      | Entered Level 5 of the Dungeon
  4253 | D:4      | HP: 1/37 [killer bee (2)]
  4256 | D:4      | Reached XP level 7. HP: 18/41 MP: 7/7
  4269 | D:4      | Slain by a killer bee

Illustrated notes

Levels and vault maps discovered:
D:1:      dpeg_arrival_erosion, layout_loops_ring, minmay_box_of_dots
D:2:      layout_basic, ebering_ecumenical_altar_box, st_stairs_1
D:3:      layout_basic, elyvilon_altar_4
D:4:      layout_basic, minmay_temple_entry_fiery
D:5:      layout_cave_pools, mainiacjoe_overflow_concentric_impassable,
          nicolae_ossuary_entry_ruins, cheibrodos_sewer_entry_sluice,
          minmay_misc_feat_columns
Temple:   eino_temple_rhombus

Skill      XL: |  1  2  3  4  5  6 |
---------------+-------------------+-----
Maces & Flails | 3 4 6 7 |  7.3
Stealth        | 1 |  1.0
Fighting       | |  3.2
Armour         | |  3.2
Shields        | |  3.2

Action                   |  1- 3 |  4- 6 |  7- 9 || total
-------------------------+-------+-------+-------++-------
Melee: Flail             |   115 |   191 |    14 ||   320
  Use: Scroll            |       |     9 |       ||     9
       Potion            |       |     1 |       ||     1
Armor: Scale mail        |    46 |   109 |     5 ||   160
Dodge: Dodged            |    73 |    78 |    12 ||   163
Block: Buckler           |    24 |    38 |     8 ||    70

Table legend: (Time is in decaauts)
 A = Elapsed time spent in this place.
 B = Non-inter-level travel time spent in this place.
 C = Inter-level travel time spent in this place.
 D = Time resting spent in this place.
 E = Time spent auto-exploring this place.
 F = Levels seen in this place.
 G = Mean time per level.
                   A        B        C        D        E       F      G
               +--------+--------+--------+--------+--------+-----+--------+
         Total |   4333 |   3802 |    531 |    649 |   2427 |   6 |  722.2 |
       Dungeon |   4253 |   3799 |    454 |    649 |   2427 |   5 |  850.6 |
        Temple |     79 |      2 |     77 |      0 |      0 |   1 |   79.0 |
               +--------+--------+--------+--------+--------+-----+--------+

Top non-repeatable levels by time:
     D:2: 1179 daAuts
     D:1: 1120 daAuts
     D:4: 988 daAuts
     D:3: 958 daAuts
  Temple: 79 daAuts
     D:5: 7 daAuts
